 Dungeon Crawl Stone Soup version 0.31-a0-806-g0bc164a743 (webtiles) character file.

Game seed: 9355859617178456239

331 ytrimaz the Trooper (level 6, -2/49 HPs)
             Began as a Demonspawn Fighter on Sept 20, 2023.
             Slain by an ice beast (21 damage)
             ... on level 4 of the Dungeon.
             The game lasted 00:02:33 (2234 turns).

ytrimaz the Trooper (Demonspawn Fighter)            Turns: 2234, Time: 00:02:34

Health: -2/49      AC: 11    Str: 18    XL:     6   Next: 26%
Magic:  6/6        EV:  8    Int:  9    God:
Gold:   113        SH:  5    Dex: 13    Spells: 5/5 levels left

rFire   + + .        a - +0 war axe
rCold   x . .        c - +0 buckler
rNeg    . . .        e - +0 fire dragon scales
rPois   .            (no helmet)
rElec   .            (no cloak)
rCorr   .            f - +0 pair of gloves
SInv    .            p - +0 pair of boots
Will    .....        (no amulet) Stlth
                     (no ring)
HPRegen 0.28/turn    (no ring)
MPRegen 0.10/turn

%: no passive effects
@: mighty
A: demonic guardian 2
a: no special abilities


You were on level 4 of the Dungeon.
You visited 1 branch of the dungeon, and saw 4 of its levels.

You collected 113 gold pieces.


Innate Abilities, Weirdness & Mutations

A demonic guardian rushes to your aid.


   Skills:
 + Level 4.3 Fighting
 + Level 3.3 Axes
 + Level 3.9 Armour
 + Level 4.0 Shields


You had 5 spell levels left.
You didn't know any spells.
Your spell library contained the following spells:

 Spells                   Type           Power      Damage    Failure   Level
 Sting                    Tmut/Pois      0%         1d3       89%         1
 Blink                    Tloc           0%         N/A       96%         2
 Lesser Beckoning         Tloc           0%         N/A       96%         2
 Momentum Strike          Conj/Tloc      0%         3d8       96%         2
 Poisonous Vapours        Pois/Air       0%         N/A       96%         2
 Olgreb's Toxic Radiance  Pois           0%         N/A       100%        4

Inventory:

Hand Weapons
 a - a +0 war axe (weapon)
Armour
 b - a +0 scale mail
 c - a +0 buckler (worn)
 e - +0 fire dragon scales (worn)
   (You found it on level 1 of the Dungeon)
 f - a +0 pair of gloves (worn)
   (You found it on level 1 of the Dungeon)
 p - a +0 pair of boots (worn)
   (You found it on level 3 of the Dungeon)
Jewellery
 l - a ring of fire
   (You found it on level 2 of the Dungeon)
 o - a +5 ring of evasion
   (You found it on level 3 of the Dungeon)
Wands
 h - a wand of flame (5)
   (You took it off an orc on level 3 of the Dungeon)
Scrolls
 i - a scroll of identify {unknown}
 j - a scroll of immolation {unknown}
 k - a scroll of fog {unknown}
 n - a scroll of silence {unknown}
Potions
 d - a potion of might
 m - a potion of invisibility {unknown}

Dungeon Overview and Level Annotations

Branches:
Dungeon (4/15) Zot: 21685
 Temple: D:4-7

Altars:

#.# #.# #.#
#####.#####
.........
###.....#####
#....)Y.....#
#..<@.#
#..††.#.#
##......#
#......#
#..###....
#..# ....
#..# ...#
.... ....
###.


You could see an ice beast.


Message History

😮 HP[-3]
You take 3 damage, and now have 27/42 hp.
You are too injured to fight recklessly!
Unknown command.
You hit the black bear. You hit the hobgoblin.
The hobgoblin hits you but does no damage.
The black bear bites you but does no damage.
The black bear claws you.
The black bear claws you but does no damage.
Your ice devil closely misses the hobgoblin.
The black bear bites you.
* * * LOW HITPOINT WARNING * * *
The black bear claws you but does no damage. x2
The hobgoblin barely misses you. 😨 HP[-7]
You take 7 damage, and now have 20/42 hp.
You are too injured to fight recklessly!
You hit the black bear. You hit the hobgoblin.
Your ice devil barely misses the hobgoblin.
The hobgoblin barely misses you.
The black bear goes berserk!
Your ice devil hits the hobgoblin.
The hobgoblin dies!
You hit the black bear but do no damage.
The black bear bites you but does no damage.
You block the black bear's attack.
The black bear claws you but does no damage.
The black bear bites you but does no damage.
The black bear claws you but does no damage. x2
You hit the black bear but do no damage.
You barely miss the ball python. The black bear barely misses you.
The black bear claws you but does no damage.
The black bear claws you.
* * * LOW HITPOINT WARNING * * *
The ball python barely misses you. You block the ball python's attack.
Your ice devil barely misses the black bear.
The black bear bites you but does no damage.
The black bear misses you.
The black bear claws you but does no damage.
The ball python barely misses you. You block the ball python's attack.
Your ice devil hits the black bear.
Your ice devil freezes the black bear!
The black bear dies!
Your Shields skill increases to level 4!
You have reached level 6! 😨 HP[+2] MP[+1]
You now have 49 max hp (+7).
You regained 2 hp, and now have 22/49 hp.
Your mp is fully restored (6).
The ball python barely misses you. The ball python grabs you.
The ball python constricts you.
Your ice devil hits the ball python.
The ball python dies!
You see here a black bear corpse.
Unknown command.
Your ice devil disappears in a puff of smoke!
An ice beast comes into view. 😮 HP[+5]
You regained 5 hp, and now have 27/49 hp.
An ice beast is nearby!
Unknown command.
An ice beast is nearby!
An ice beast is nearby!
You are too injured to fight recklessly!
You see here a black bear corpse.
You are too injured to fight recklessly!
You are too injured to fight recklessly!
You are too injured to fight recklessly!
You closely miss the ice beast.
The ice beast hits you but does no damage. 😮 HP[+1] Unknown command.
You slash the ice beast! The ice beast barely misses you.
The ice beast hits you but does no damage.
Unknown command.
You hit the ice beast but do no damage.
The ice beast barely misses you. 😮 HP[+1]
You hit the ice beast but do no damage. The ice beast hits you.
The ice beast freezes you!
You feel a terrible chill!
* * * LOW HITPOINT WARNING * * *
😱 HP[-17]
You take 17 damage, and now have 12/49 hp.
MASSIVE DAMAGE!! (PAUSE) Unknown command.
Okay, then.
It was a potion of curing.
You feel better.
The ice beast hits you but does no damage. 😨 HP[+8]
You regained 8 hp, and now have 20/49 hp.
You feel very mighty all of a sudden.
The ice beast hits you but does no damage. 😨 HP[+1]
You hit the ice beast.
The ice beast hits you but does no damage.
You block the ice beast's attack.
You closely miss the ice beast. The ice beast hits you.
* * * LOW HITPOINT WARNING * * *
The ice beast freezes you!!
You feel a terrible chill!
You die...

Skill      XL: |  1  2  3  4  5 |
---------------+----------------+-----
Axes           | 2 3 |  3.3
Shields        | 3 4 |  4.0
Armour         | 3 |  3.9
Fighting       | 4 |  4.3

Action                     |  1- 3 |  4- 6 || total
---------------------------+-------+-------++-------
  Melee: War axe           |   114 |    80 ||   194
    Use: Scroll            |       |     1 ||     1
         Potion            |       |     2 ||     2
 Armour: Scale mail        |    12 |       ||    12
         Fire dragon scale |    79 |    99 ||   178
  Dodge: Dodged            |    48 |    35 ||    83
  Block: Buckler           |    23 |    23 ||    46

Levels and vault maps discovered:
D:1:      giann_forest_graveyard, layout_basic,
          shapermc_ecumenical_altar_mp_ritualfount, minmay_lizard_pond
D:2:      layout_loops_ring, minmay_misc_feat_room, minmay_bisected
D:3:      layout_basic, uniq_natasha, uniq_terence
D:4:      layout_loops_ring, nicolae_overflow_crystal_walls,
          pdpol_wu_jian_five_deadly_venoms, nicolae_shop_overcharged_wands

Notes
Turn   | Place    | Note
-------+----------+-------------------------------------------
     0 | D:1      | ytrimaz the Demonspawn Fighter began the quest for the Orb.
     0 | D:1      | Reached XP level 1. HP: 18/18 MP: 1/1
     0 | D:1      | magus.rc [v1.9.6]
    82 | D:1      | Reached skill level 2 in Axes
    83 | D:1      | Gained mutation: A weak demonic guardian rushes to your
                  | aid. [demonic ancestry]
    83 | D:1      | Reached XP level 2. HP: 24/24 MP: 2/2
   256 | D:1      | Found a faded altar of an unknown god.
   261 | D:1      | You pick up a book of Spatial Translocations and begin
                  | reading...
   261 | D:1      | You add the spells Blink, Momentum Strike and Lesser
                  | Beckoning to your library.
   425 | D:1      | Reached skill level 3 in Shields
   441 | D:1      | Reached skill level 3 in Armour
   442 | D:1      | HP: 5/24 [poisoned by a kobold]
   446 | D:1      | HP: 2/24 [poisoned by a kobold]
   732 | D:2      | Gained mutation: A demonic guardian rushes to your aid.
                  | [demonic ancestry]
   732 | D:2      | Reached XP level 3. HP: 29/29 MP: 3/3
   786 | D:2      | You add the spells Sting, Poisonous Vapours and Olgreb's
                  | Toxic Radiance to your library.
  1403 | D:3      | Reached XP level 4. HP: 35/35 MP: 4/4
  1682 | D:3      | Noticed Terence
  1686 | D:3      | Killed Terence
  1769 | D:3      | Identified the +8 spear "Ydauh" {flame, rElec}
  1956 | D:3      | Reached XP level 5. HP: 42/42 MP: 5/5
  2054 | D:3      | Noticed Natasha
  2068 | D:3      | Killed Natasha
  2144 | D:3      | Reached skill level 4 in Fighting
  2144 | D:3      | Reached skill level 3 in Axes
  2195 | D:4      | Noticed a black bear
  2206 | D:4      | Killed a black bear
  2207 | D:4      | Reached skill level 4 in Shields
  2207 | D:4      | Reached XP level 6. HP: 22/49 MP: 6/6
  2224 | D:4      | Noticed an ice beast
  2230 | D:4      | HP: 12/49 [ice beast (16)]
  2234 | D:4      | Slain by an ice beast

Vanquished Creatures
  A howler monkey (D:4)
  An orc priest (D:3)
  Natasha (D:3)
  4 adders
  A worm (D:2)
  5 dart slugs
  5 orcs (D:3)
  4 ball pythons
  4 endoplasms
  2 giant cockroaches (D:1)
  7 goblins
  A hobgoblin (D:2)
  5 quokkas
  6 bats
  11 frilled lizards
  5 kobolds
  6 rats
69 creatures vanquished.

Vanquished Creatures (collateral kills)
  A black bear (D:4)
  Terence (D:3)
  A ball python (D:4)
  2 hobgoblins
  A quokka (D:2)
  A frilled lizard (D:2)
  A rat (D:2)
8 creatures vanquished.

Grand Total: 77 creatures vanquished

Table legend:
 A = Non-vault XP
 B = Vault XP
 C = Vault XP percentage of total XP
 D = Non-vault monster count
 E = Vault monster count
 F = Vault count percentage of total count
                 A         B        C        D         E       F
            +---------+---------+-------+---------+---------+-------
      Total |     388 |      85 |  18.0 |      66 |      11 |  14.3
            +---------+---------+-------+---------+---------+-------
        D:1 |      30 |       6 |  16.7 |      20 |       6 |  23.1
        D:2 |      42 |       8 |  16.0 |      19 |       3 |  13.6
        D:3 |     124 |      71 |  36.4 |      20 |       2 |   9.1
        D:4 |     192 |       0 |   0.0 |       7 |       0 |   0.0
            +---------+---------+-------+---------+---------+-------

Skill      XL: |  1  2  3  4  5 |
---------------+----------------+-----
Axes           | 2 3 |  3.3
Shields        | 3 4 |  4.0
Armour         | 3 |  3.9
Fighting       | 4 |  4.3

Action                     |  1- 3 |  4- 6 || total
---------------------------+-------+-------++-------
  Melee: War axe           |   114 |    80 ||   194
    Use: Scroll            |       |     1 ||     1
         Potion            |       |     2 ||     2
 Armour: Scale mail        |    12 |       ||    12
         Fire dragon scale |    79 |    99 ||   178
  Dodge: Dodged            |    48 |    35 ||    83
  Block: Buckler           |    23 |    23 ||    46

Illustrated notes

Table legend:
 A = Kills in this place as a percentage of kills in the entire game.
 B = Kills by you in this place as a percentage of kills by you in the entire game.
 C = Kills by friends in this place as a percentage of kills by friends in the entire game.
 D = Other kills in this place as a percentage of other kills in the entire game.
 E = Experience gained in this place as a percentage of experience gained in the entire game.
 F = Experience gained in this place divided by the number of levels of this place that you have seen.
                   A       B       C       D       E      F
               +-------+-------+-------+-------+-------+----------------------
         Total | 100.0 | 100.0 | 100.0 |   N/A | 100.0 | 118.2
       Dungeon | 100.0 | 100.0 | 100.0 |   N/A | 100.0 | 118.2
               +-------+-------+-------+-------+-------+----------------------

Table legend: (Time is in decaauts)
 A = Elapsed time spent in this place.
 B = Non-inter-level travel time spent in this place.
 C = Inter-level travel time spent in this place.
 D = Time resting spent in this place.
 E = Time spent auto-exploring this place.
 F = Levels seen in this place.
 G = Mean time per level.
                   A        B        C        D        E       F      G
               +--------+--------+--------+--------+--------+-----+--------+
         Total |   2313 |   2232 |     81 |      0 |   1694 |   4 |  578.2 |
       Dungeon |   2313 |   2232 |     81 |      0 |   1694 |   4 |  578.2 |
               +--------+--------+--------+--------+--------+-----+--------+

Top non-repeatable levels by time:
     D:3: 946 daAuts
     D:2: 670 daAuts
     D:1: 645 daAuts
     D:4: 51 daAuts
